 Dungeon Crawl Stone Soup version 0.28.0 (webtiles) character file.

Game seed: 12006669600693737603

263 Kaptain the Digger (level 6, -1/39 HPs)
             Began as an Octopode Earth Elementalist on Feb 18, 2022.
             Slain by an orc priest (2 damage)
             ... on level 3 of the Dungeon.
             The game lasted 00:07:31 (2272 turns).

Kaptain the Digger (Octopode Earth Elementalist)    Turns: 2272, Time: 00:07:32

Health: -1/39      AC:  1    Str:  7    XL:     6   Next: 19%
Magic:  8/20       EV: 14    Int: 19    God:
Gold:   158        SH:  0    Dex: 13    Spells: 7/11 levels left

rFire   . . .      SeeInvis .   l - +0 hunting sling
rCold   . . .      Faith    .   (no shield)
rNeg    . . .      Spirit   .   (helmet restricted)
rPois   .          Reflect  .   (no amulet)
rElec   .          Harm     .   d - ring of magical power
rCorr   .          Rampage  .   (no ring)
Will    .....                   (no ring)
Stlth   +++.......              (no ring)
HPRegen 0.13/turn               (no ring)
MPRegen 0.17/turn               (no ring)
                                (no ring)
                                (no ring)

@: no status effects
A: almost no armour, amphibious, 8 rings, camouflage 1, gelatinous body 1,
(nimble swimmer 1), tentacles
a: no special abilities


You were on level 3 of the Dungeon.
You visited 1 branch of the dungeon, and saw 3 of its levels.

You collected 158 gold pieces.

Inventory:

Hand Weapons
 a - a +0 vorpal hand axe
 l - a +0 hunting sling (weapon)
Missiles
 b - 47 stones (quivered ammo)
 c - 26 arrows
Magical Staves
 k - a staff of fire
Jewellery
 d - a ring of magical power (left tentacle)
Scrolls
 e - 3 scrolls of acquirement {unknown}
 f - 2 scrolls of teleportation {unknown}
 h - a scroll of identify {unknown}
 i - a scroll of vulnerability {unknown}
 m - a scroll of fear {unknown}
Potions
 g - 2 potions of curing {unknown}
 j - a potion of heal wounds {unknown}
 n - a potion of lignification {unknown}


   Skills:
 + Level 1.7 Fighting
 + Level 3.1 Dodging
 + Level 4.1 Stealth
 * Level 3.4 Spellcasting
 * Level 0.4 Conjurations
 - Level 1.0 Transmutations
 * Level 4.3 Earth Magic


You had 7 spell levels left.
You knew the following spells:

 Your Spells              Type           Power      Damage    Failure   Level
a - Sandblast             Erth           38%        2d10      2%          1
b - Stone Arrow           Conj/Erth      24%        3d8       16%         3

Your spell library contained the following spells:

 Spells                   Type           Power      Damage    Failure   Level
 Passwall                 Tmut/Erth      10%        N/A       8%          2
 Petrify                  Tmut/Erth      13%        N/A       43%         4


Dungeon Overview and Level Annotations

Branches:
Dungeon (3/15)

Altars:


Innate Abilities, Weirdness & Mutations

You cannot wear most types of armour.
You are amphibious.
You can wear up to eight rings at the same time.
Your skin changes colour to match your surroundings (Stealth+).
Your rubbery body absorbs attacks. (AC +1, EV +1)
((You are camouflaged when in or above water. (Stealth+)))
You have tentacles for arms and can constrict up to eight enemies at once.


Message History

b - 51 stones Unknown command.
Casting: Sandblast (safe; 2% risk of failure)
Confirm with . or Enter, or press ? or * to list all spells.
Aiming: Sandblast (safe; 2% risk of failure)
Press: ? - help, Shift-Dir - straight line, f - orc priest
Aim: an orc priest, wielding a +0 club and wearing a +0 scale mail (82% to hit)
The blast of sand hits the orc priest!
The orc priest is severely wounded.
b - 50 stones The orc priest looks encouraged for a moment.
Casting: Sandblast (safe; 2% risk of failure)
Confirm with . or Enter, or press ? or * to list all spells.
Aiming: Sandblast (safe; 2% risk of failure)
Press: ? - help, Shift-Dir - straight line, f/p - orc priest
Aim: an orc priest, wielding a +0 club and wearing a +0 scale mail (severely wounded, 82% to hit)
The blast of sand hits the orc priest but does no damage.
The orc priest is severely wounded.
b - 49 stones The orc priest hits you with a +0 club.
* * * LOW HITPOINT WARNING * * *
Casting: Sandblast (safe; 2% risk of failure)
Confirm with . or Enter, or press ? or * to list all spells.
Aiming: Sandblast (safe; 2% risk of failure)
Press: ? - help, Shift-Dir - straight line, f/p - orc priest
Aim: an orc priest, wielding a +0 club and wearing a +0 scale mail (severely wounded, 82% to hit)
The blast of sand misses the orc priest.
b - 48 stones The orc priest hits you with a +0 club.
* * * LOW HITPOINT WARNING * * *
Casting: Sandblast (safe; 2% risk of failure)
Confirm with . or Enter, or press ? or * to list all spells.
Aiming: Sandblast (safe; 2% risk of failure)
Press: ? - help, Shift-Dir - straight line, f/p - orc priest
Aim: an orc priest, wielding a +0 club and wearing a +0 scale mail (severely wounded, 82% to hit)
The blast of sand hits the orc priest but does no damage.
The orc priest is severely wounded.
b - 47 stones The orc priest hits you with a +0 club.
You die...

########## ##........#
#>........# ########.........#
#........####.#### #......###
#..#.## .. #.....## ##@#..# .#
#...."########o#..# .# .
#.............)#..######.###..
#.....#......#....S..o(.......
###.....#......#..####o.#.......
.......##......#..# ##.#.......
.......##......#..#####.......).
.......##...>...........o......#
...............#.#......o.##...#


You could see an orc priest.

Vanquished Creatures
  Sigmund (D:2)
  An orc priest (D:3)
  3 adders
  A dart slug (D:1)
  2 orcs (D:3)
  7 endoplasms
  2 giant cockroaches (D:1)
  2 hobgoblins
  5 kobolds
  2 quokkas
  4 ball pythons
  7 bats
  2 frilled lizards (D:1)
  3 goblins (D:1)
  12 rats
54 creatures vanquished.

Vanquished Creatures (others)
  3 fungi (D:2)
  7 plants (D:2)
10 creatures vanquished.

Grand Total: 64 creatures vanquished

Notes
Turn   | Place    | Note
-------+----------+-------------------------------------------
     0 | D:1      | Kaptain the Octopode Earth Elementalist began the quest for
                  | the Orb.
     0 | D:1      | Reached XP level 1. HP: 11/11 MP: 3/3
    83 | D:1      | Reached XP level 2. HP: 7/18 MP: 1/5
   860 | D:1      | Reached XP level 3. HP: 22/22 MP: 6/6
  1091 | D:2      | Noticed Sigmund
  1101 | D:2      | Killed Sigmund
  1102 | D:2      | Reached skill level 1 in Fighting
  1102 | D:2      | Reached XP level 4. HP: 20/28 MP: 8/8
  1102 | D:2      | Reached XP level 5. HP: 23/33 MP: 9/9
  1436 | D:2      | Found a faded altar of an unknown god.
  2210 | D:3      | Learned a level 3 spell: Stone Arrow
  2267 | D:3      | Reached XP level 6. HP: 14/39 MP: 11/11
  2271 | D:3      | HP: 1/39 [orc priest (1)]
  2272 | D:3      | Slain by an orc priest

Illustrated notes

Levels and vault maps discovered:
D:1:      psy_arrival_terrarium, layout_rooms, minmay_rat_gold_closets
D:2:      layout_basic, shapermc_ecumenical_altar_mp_urbaneastern, uniq_sigmund
D:3:      layout_rooms, kennysheep_generic_room_4

Skill      XL: |  1  2  3  4  5 |
---------------+----------------+-----
Stealth        | 3 4 |  4.1
Fighting       | 1 |  1.7
Spellcasting   | 3 |  3.4
Earth Magic    | 4 |  4.3
Dodging        | 3 |  3.1
Conjurations   | |  0.4
Transmutations | |  1.0

Action                   |  1- 3 |  4- 6 || total
-------------------------+-------+-------++-------
Melee: Hand axe          |    41 |    16 ||    57
       Tentacles         |     4 |     3 ||     7
       Unarmed           |     2 |       ||     2
       Constrict         |     9 |     1 ||    10
 Fire: Hunting sling     |       |    32 ||    32
 Cast: Sandblast         |     6 |    22 ||    28
 Stab: Sleeping          |     8 |     3 ||    11
Armor: Skin              |     2 |     7 ||     9
Dodge: Dodged            |    20 |    16 ||    36
